 Dungeon Crawl Stone Soup version 0.29-a0-284-gf9362112df (webtiles) character file.

Game seed: 2117152772662783159

56 sylnyx the Skirmisher (level 3, -6/41 HPs)
             Began as an Ogre Berserker on Mar 23, 2022.
             Was a Follower of Trog.
             Mangled by a gnoll
             ... wielding a +0 spear
              (9 damage)
             ... on level 2 of the Dungeon.
             The game lasted 00:03:15 (1129 turns).

sylnyx the Skirmisher (Ogre Berserker)              Turns: 1129, Time: 00:03:16

Health: -6/41      AC:  3    Str: 23    XL:     3   Next: 97%
Magic:  4/4        EV: 14    Int:  8    God:    Trog [*.....]
Gold:   44         SH:  0    Dex: 14    Spells: 4/4 levels left

rFire   . . .      SeeInvis .   i - +2 whip (elec)
rCold   . . .      Faith    .   (no shield)
rNeg    . . .      Spirit   .   b - +0 animal skin
rPois   .          Reflect  .   (helmet restricted)
rElec   .          Harm     .   (no cloak)
rCorr   .          Rampage  .   (gloves unavailable)
Will    .....                   (boots unavailable)
Stlth   +.........              (no amulet)
HPRegen 0.13/turn               h - +4 ring of evasion
MPRegen 0.09/turn               k - +6 ring of dexterity

@: no status effects
A: large, unfitting armour, tough skin 1
a: Renounce Religion, Berserk


You were on level 2 of the Dungeon.
You worshipped Trog.
Trog was aware of your devotion.
You visited 1 branch of the dungeon, and saw 2 of its levels.

You collected 44 gold pieces.

Inventory:

Hand Weapons
 a - a +0 hand axe
 i - a +2 whip of electrocution (weapon)
Armour
 b - a +0 animal skin (worn)
Jewellery
 c - a ring of willpower
 e - a ring of protection from fire
 h - a +4 ring of evasion (left hand)
 k - a +6 ring of dexterity (right hand)
Scrolls
 d - a scroll of fear {unknown}
 f - a scroll of enchant weapon {unknown}
 g - 2 scrolls of identify {unknown}
 j - a scroll of silence {unknown}
Potions
 l - a potion of berserk rage {unknown}


   Skills:
 + Level 4.8 Fighting
 - Level 3.3(3.4) Axes
 + Level 0.8(2.1) Maces & Flails
 + Level 3.2 Dodging
 - Level 1.0 Spellcasting


You had 4 spell levels left.
You didn't know any spells.
Your spell library was empty.

Dungeon Overview and Level Annotations

Branches:
Dungeon (2/15)

Altars:


Innate Abilities, Weirdness & Mutations

You are too large for most types of armour.
You have tough skin. (AC +1)


Message History

HP restored.
A quokka comes into view.
A quokka is nearby!
A quokka is nearby!
You closely miss the quokka. The quokka barely misses you.
You whack the quokka!
You kill the quokka!
Trog accepts your kill.
No target in view!
A gnoll comes into view. It is wielding a +0 halberd.
A gnoll is nearby!
The gnoll shouts!
You hear a shout!
You hear an angry hiss.
A gnoll comes into view. It is wielding a +0 spear.
The gnoll shouts!
The gnoll barely misses you. The gnoll barely misses you.
You hit the gnoll.
The gnoll is moderately wounded.
The gnoll barely misses you.
You barely miss the gnoll.
The gnoll is moderately wounded.
You hit the gnoll.
The gnoll is heavily wounded.
The gnoll barely misses you.
A frilled lizard comes into view.
The gnoll hits you with a +0 halberd!
You barely miss the gnoll.
The gnoll is heavily wounded.
The frilled lizard hisses angrily.
The gnoll hits you from afar with a +0 spear.
The gnoll hits you with a +0 halberd!
* * * LOW HITPOINT WARNING * * *
You are too injured to fight recklessly!
You are too injured to fight recklessly!
You are too injured to fight recklessly!
You are too injured to fight recklessly!
The gnoll hits you from afar with a +0 halberd!
* * * LOW HITPOINT WARNING * * *
The gnoll hits you with a +0 spear!
You die...

#........#.....#
#........>.##..##
##.....†........##
.................####
#...#................
.. ##)†..........###
#†...........#
#..........g.##
#<.........@..#
#..........#g..l...
#.....)$...##.###..
...........# ..#
############ ... ....
.... ....


You could see 2 gnolls and a frilled lizard.

Vanquished Creatures
  A gnoll (D:2)
  An adder (D:2)
  3 dart slugs
  7 ball pythons
  A giant cockroach (D:1)
  A goblin (D:1)
  2 hobgoblins
  4 kobolds (D:1)
  A quokka (D:2)
  7 bats
  4 frilled lizards (D:1)
  2 rats (D:1)
34 creatures vanquished.

Notes
Turn   | Place    | Note
-------+----------+-------------------------------------------
     0 | D:1      | sylnyx the Ogre Berserker began the quest for the Orb.
     0 | D:1      | Reached XP level 1. HP: 24/24 MP: 1/1
   244 | D:1      | Reached XP level 2. HP: 31/32 MP: 2/2
   305 | D:1      | Found a faded altar of an unknown god.
   656 | D:1      | Reached XP level 3. HP: 40/40 MP: 3/3
  1069 | D:2      | Reached skill level 1 in Spellcasting
  1128 | D:2      | HP: 2/41 [gnoll/+0 halberd (10)]
  1129 | D:2      | Mangled by a gnoll

Illustrated notes

Levels and vault maps discovered:
D:1:      dpeg_arrival_rooms_with_view, layout_basic, basic_ecumenical_altar
D:2:      layout_rooms, basic_altar

Skill      XL: |  1  2  3 |
---------------+----------+-----
Dodging        | 3 |  3.2
Spellcasting   | 1 |  1.0
Fighting       | |  4.8
Axes           | |  3.3
Maces & Flails | |  0.8

Action                   || total
-------------------------++-------
Melee: Hand axe          ||    35
       Whip              ||    69
Armor: Animal skin       ||    27
Dodge: Dodged            ||    85

Table legend: (Time is in decaauts)
 A = Elapsed time spent in this place.
 B = Non-inter-level travel time spent in this place.
 C = Inter-level travel time spent in this place.
 D = Time resting spent in this place.
 E = Time spent auto-exploring this place.
 F = Levels seen in this place.
 G = Mean time per level.
                   A        B        C        D        E       F      G
               +--------+--------+--------+--------+--------+-----+--------+
         Total |   1133 |   1099 |     34 |      0 |    854 |   2 |  566.5 |
       Dungeon |   1133 |   1099 |     34 |      0 |    854 |   2 |  566.5 |
               +--------+--------+--------+--------+--------+-----+--------+

Top non-repeatable levels by time:
     D:1: 1056 daAuts
     D:2: 76 daAuts
